AoeStats
← ivcrk826

Oasis

509656583Analyzed
4v4 RM · 3d ago on Sep 27, 2026· 23m 0s· 8 players
Game mode
Random Map
Map size
Large (8 player)
Population
200
Speed
Normal
Resources
Standard
Victory
Conquest
Starting age
Dark Age
Ending age
Imperial Age
RankedLock teamsTeams togetherTeam positionsShared explorationLock speedFull tech treeHidden civsTurbo modeCheats
Victory
Defeat
🇦🇷 Dravidians · Argentina
1467
+14
🇮🇳 Poles · India
1417
+16
🇨🇳 Persians · China
1403
+17
🇹🇼 Ethiopians · Taiwan
1401
+17
🇮🇹 Burgundians · Italy
1486
-18
🇬🇧 Danes · United Kingdom
1480
-18
🇫🇮 Lithuanians · Finland
1401
-15
🇨🇳 Ethiopians · China
1348
-13
NUR
7:00 Loom
9:37 Feudal Age
10:06 Horse Collar
12:27 Double-Bit Axe
14:45 Bloodlines
15:13 Scale Barding Armor
15:22 Forging
17:04 Scale Barding Armor
lun
9:09 Loom
11:35 Feudal Age
12:14 Double-Bit Axe
13:11 Fletching
13:22 Padded Archer Armor
16:23 Horse Collar
24:23 Castle Age
23:06 Gold Mining
iiiiice
8:41 Feudal Age
11:12 Double-Bit Axe
20:24 Castle Age
21:18 Bow Saw
22:47 Horse Collar
ivcrk826
9:00 Loom
12:25 Feudal Age
12:26 Man-at-Arms
13:11 Double-Bit Axe
14:19 Fletching
22:17 Castle Age
21:02 Padded Archer Armor
22:57 Bodkin Arrow
OS | _MidGard_
4:59 Loom
6:28 Wheelbarrow
9:30 Double-Bit Axe
13:08 Feudal Age
14:22 Bow Saw
15:32 Fletching
15:43 Padded Archer Armor
19:12 Gold Mining
Humble Villager
10:39 Feudal Age
11:57 Loom
14:23 Castle Age
16:59 Horse Collar
18:55 Double-Bit Axe
20:23 Bow Saw
20:39 Squires
21:38 Heavy Plow
23:47 Wheelbarrow
7777777
9:42 Feudal Age
11:14 Double-Bit Axe
13:48 Bloodlines
13:30 Horse Collar
19:43 Scale Barding Armor
19:59 Forging
JieX
5:11 Loom
8:49 Feudal Age
12:05 Fletching
14:39 Double-Bit Axe
15:54 Horse Collar
Connection lost

Rejoining the realm…

Still unreachable

The connection could not be restored.

Session expired

The server has moved on; the page needs a fresh start.